 Dungeon Sprint DCSS version 0.32-a0-683-ge26c5dbc97 (webtiles) character file.

Game seed: 2344401101477225630

2523 Revguard the Basher (level 9, -1/76 HPs)
             Began as a Formicid Fighter on Mar 12, 2024.
             Was a Follower of Uskayaw.
             Slain by a guardian mummy (18 damage)
             ... in the Dungeon (Sprint V: "Ziggurat Sprint").
             The game lasted 00:05:32 (482 turns).

Revguard the Basher (Formicid Fighter)               Turns: 482, Time: 00:05:34

Health: -1/76      AC: 29    Str: 28    XL:     9   Next: 84%
Magic:  15/15      EV:  6    Int:  9    God:    Uskayaw [*.....]
Gold:   0          SH: 36    Dex: 21    Spells: 8/8 levels left

rFire   . . .        z - +10 dark maul {heavy}
rCold   . . .        B - +18 shield of the Gong {Loud rN+ Will+ rCorr EV-5}
rNeg    + . .        A - +15 Maxwell's patent armour {-Cast -Tele rElec Will+ rCorr}
rPois   .            (helmet unavailable)
rElec   +            (no cloak)
rCorr   +            (no gloves)
SInv    +            (no boots)
Will    ++...        F - amulet of reflection
Stlth   x              - +6 ring of strength
HPRegen 0.32/turn    u - +6 ring of dexterity
MPRegen 0.14/turn

%: no spellcasting, reflection
@: no status effects
A: permanent stasis, dig shafts and tunnels, antennae 3, four strong arms
a: Dig, Renounce Religion, Stomp


You were in the Dungeon.
You worshipped Uskayaw.
Uskayaw was aware of your devotion.
You visited 1 branch

Inventory:

Hand Weapons
 a - a +0 flail
 z - the +10 dark maul (weapon) {heavy}
   (You found it in the Dungeon)
Armour
 b - a +0 scale mail
 c - a +0 buckler
 A - the +15 Maxwell's patent armour (worn) {-Cast -Tele rElec Will+ rCorr}
   (You found it in the Dungeon)

   rElec:     It insulates you from electricity.
   Will+:     It increases your willpower.
   -Cast:     It prevents spellcasting.
   -Tele:     It prevents most forms of teleportation.
   rCorr:     It protects you from acid and corrosion.
 B - the +18 shield of the Gong (worn) {Loud rN+ Will+ rCorr EV-5}
   (You found it in the Dungeon)

   Loud:      It is deafeningly noisy when blocking attacks.
   EV-5:      It affects your evasion (-5).
   rN+:       It protects you from negative energy.
   Will+:     It increases your willpower.
   rCorr:     It protects you from acid and corrosion.
Jewellery
 s - a ring of flight
 t - a +6 ring of dexterity
 u - a +6 ring of dexterity (right hand)
 v - a +6 ring of intelligence
 w - a +6 ring of intelligence
 x - a +6 ring of strength (left hand)
 y - a +6 ring of strength
 D - a +6 ring of strength
 F - an amulet of reflection (around neck)
Wands
 p - a wand of mindburst (7)
 q - a wand of iceblast (7)
 r - a wand of acid (6)
 E - a wand of charming (6)
Scrolls
 l - 4 scrolls of amnesia
 m - 7 scrolls of fog
 n - 5 scrolls of identify
 o - 2 scrolls of fear
Potions
 d - 6 potions of might
 e - 9 potions of curing
 f - 7 potions of heal wounds
 g - 7 potions of magic
 h - 2 potions of brilliance
 i - 2 potions of invisibility
 j - 4 potions of resistance
Miscellaneous
 k - a box of beasts
 C - a lightning rod (4/4)


   Skills:
 + Level 9.3 Fighting
 * Level 11.1 Maces & Flails
 + Level 9.3 Armour
 + Level 7.1 Dodging
 + Level 10.7 Shields
 + Level 9.0 Invocations
 + Level 8.2 Evocations


You had 8 spell levels left.
You didn't know any spells.
Your spell library contained the following spells:

 Spells                   Type           Power      Damage    Failure   Level
 Lesser Beckoning         Tloc           0%         N/A       100%        2
 Gell's Gravitas          Tloc           0%         N/A       100%        3
 Teleport Other           Tloc           0%         N/A       100%        3
 Animate Armour           Summ/Erth      0%         N/A       100%        4
 Summon Lightning Spire   Summ/Air       0%         N/A       100%        4
 Lee's Rapid Deconstruct  Erth           0%         3d4*      100%        5


Dungeon Overview and Level Annotations

Branches:
Dungeon (1/1)

Altars:
Ashenzari
Cheibriados
Dithmenos
Elyvilon
Fedhas
Gozag
Hepliaklqana
Kikubaaqudgha
Makhleb
Nemelex Xobeh
Okawaru
Qazlal
Ru
Sif Muna
Trog
Uskayaw
Vehumet
Wu Jian
Xom
Yredelemnul
Zin
The Shining One
Beogh
Jiyva
Lugonu

Annotations:
D 1 transporter


Innate Abilities, Weirdness & Mutations

You cannot be hasted, slowed, berserked, paralysed or teleported.
You can dig through walls and to a lower floor.
You have a pair of large antennae on your head. (SInv)
Your four strong arms can wield two-handed weapons with a shield.


Message History

Okay, then.
You beat the royal mummy like a drum!!!
The royal mummy is lightly damaged.
The royal mummy mumbles some strange words.
You block the guardian mummy's attack.
BONNNG!
Your mature oxsting beast stings the royal mummy from afar.
You block the royal mummy's attack.
PANG!
The mummy hits you but does no damage. You block the guardian mummy's attack.
GONNNNG!
Your mature oxsting beast barely misses the royal mummy.
The royal mummy casts a spell at you. Something smites you! The mummy hits you.
The guardian mummy hits you.
You flatten the royal mummy like a pancake!!!!
The royal mummy is severely damaged.
You block the emperor scorpion's attack.
BOUMMMMG!
You block the emperor scorpion's attack.
GONNNNG!
You block the emperor scorpion's attack.
GONNNNG!
The royal mummy hits you!
Your mature oxsting beast stings the royal mummy from afar.
The emperor scorpion stings you but does no damage.
The emperor scorpion claws you but does no damage. x2
The guardian mummy hits you but does no damage.
The ushabti shakes and rattles deafeningly!
The royal mummy calls on the powers of darkness!
The emperor scorpion convulses! x2; Your body is wracked with pain!
* * * LOW HITPOINT WARNING * * *
Your mature oxsting beast convulses!
The emperor scorpion convulses!
The mummy hits you but does no damage.
Your mature oxsting beast stings the royal mummy from afar!
The emperor scorpion barely misses you. The emperor scorpion claws you.
* * * LOW HITPOINT WARNING * * *
The emperor scorpion claws you but does no damage.
The guardian mummy hits you!!
You die...
Your body falls in perfect tune with the rhythm.

▓▓▓▓▓▓▓▓▓
▓..ß©ß..▓
▓..)=:..▓
▓..===..▓
▓.......▓
▓.......▓
▓..†.°s.▓
▓..9MMs.▓
▓.▓H@M▓.▓
▓..s©°..▓
▓▓▓▓▓▓▓▓▓


{{{{{ {{{{ You could see a royal mummy (ally target), 3 emperor scorpions, a
guardian mummy, an ushabti (catching breath), a mummy and a friendly mature
oxsting beast (summoned, slow).

Vanquished Creatures
  A rust devil (D)
  2 tarantellas (D)
  3 nagas (D)
  2 scorpions (D)
  A crimson imp (D)
  2 jellies (D)
  A quasit (D)
  2 orc priests (D)
  2 adders (D)
  A white imp (D)
  3 orcs (D)
  3 ball pythons (D)
  An endoplasm (D)
24 creatures vanquished.

Vanquished Creatures (collateral kills)
  2 death scarabs (D)
2 creatures vanquished.

Grand Total: 26 creatures vanquished

Notes
Turn   | Place    | Note
-------+----------+-------------------------------------------
     0 | D        | Revguard the Formicid Fighter began the quest for the Orb.
     0 | D        | Reached XP level 1. HP: 18/18 MP: 1/1
     0 | D        | Found a shimmering blue altar of Sif Muna.
     0 | D        | Found a bloodstained altar of Trog.
     0 | D        | Found a sacrificial altar of Ru.
     0 | D        | Found a stormy altar of Qazlal.
     0 | D        | Found an iron altar of Okawaru.
     1 | D        | Found a sparkling altar of Nemelex Xobeh.
     1 | D        | Found a blossoming altar of Fedhas.
     1 | D        | Found the +6 Majin-Bo {spellvamp, MP+6 Int+6}
     1 | D        | Found the +27 heavy crossbow "Sniper" {heavy, Acc+∞ SInv}
     1 | D        | Found the +10 dark maul {heavy}
     1 | D        | Found the +15 Maxwell's patent armour {-Cast -Tele rElec
                  | Will+ rCorr}
     1 | D        | Found the +18 shield of the Gong {Loud rN+ Will+ rCorr
                  | EV-5}
     1 | D        | Found the +16 obsidian axe {drain, demonic, Mesm ^Drain Fly
                  | SInv}
     1 | D        | Found the +7 great mace "Firestarter" {flame, immolate,
                  | rFlCloud rF++}
     1 | D        | Found the +6 shillelagh "Devastator" {shatter}
     1 | D        | Found the +11 plutonium sword {^Contam Stlth-}
     1 | D        | Found the +8 lance "Wyrmbane" {slay drac, rPois rF+ rC+
                  | AC+3}
     1 | D        | Found the +9 sword of Zonguldrok {reap}
     1 | D        | Found the +13 scythe of Curses {drain, curses, ^Drain}
     1 | D        | Found the +9 sword of Power {lifebolt}
     1 | D        | Found the +7 mace of Variability {chaos, chaos arc}
     1 | D        | Found the +11 Singing Sword {sonic wave}
     1 | D        | Found the +8 storm bow {elec, penet}
     3 | D        | Found a transporter.
     3 | D        | Found an ancient bone altar of Kikubaaqudgha.
     3 | D        | Found a viscous altar of Jiyva.
     3 | D        | Found a corrupted altar of Lugonu.
     3 | D        | Found a hazy altar of Hepliaklqana.
     3 | D        | Found a burning altar of Makhleb.
     3 | D        | Found an opulent altar of Gozag.
    99 | D        | Became a worshipper of Uskayaw the Reveller
   114 | D        | Entered arena 2.
   114 | D        | Found a transporter.
   115 | D        | Reached * piety under Uskayaw
   116 | D        | Reached skill level 1 in Dodging
   116 | D        | Reached skill level 1 in Invocations
   116 | D        | Reached skill level 1 in Evocations
   116 | D        | Reached XP level 2. HP: 25/25 MP: 1/3
   121 | D        | Reached skill level 5 in Fighting
   121 | D        | Reached skill level 4 in Maces & Flails
   121 | D        | Reached skill level 5 in Armour
   121 | D        | Reached XP level 3. HP: 33/33 MP: 2/5
   153 | D        | Entered arena 3.
   153 | D        | Found a transporter.
   157 | D        | Reached skill level 5 in Maces & Flails
   157 | D        | Reached ** piety under Uskayaw
   158 | D        | Reached XP level 4. HP: 39/39 MP: 5/7
   158 | D        | Reached *** piety under Uskayaw
   169 | D        | Entered arena 4.
   169 | D        | Noticed a rust devil
   169 | D        | Found a transporter.
   172 | D        | Reached skill level 6 in Maces & Flails
   172 | D        | Reached XP level 5. HP: 46/46 MP: 8/8
   174 | D        | Killed a rust devil
   175 | D        | Reached skill level 7 in Maces & Flails
   175 | D        | Reached skill level 5 in Evocations
   175 | D        | Reached XP level 6. HP: 53/53 MP: 8/10
   175 | D        | Reached XP level 7. HP: 59/59 MP: 8/11
   208 | D        | Entered arena 5.
   208 | D        | Noticed a tarantella
   208 | D        | Noticed a tarantella
   208 | D        | Found a transporter.
   212 | D        | Killed a tarantella
   213 | D        | Reached skill level 8 in Maces & Flails
   213 | D        | Reached skill level 5 in Dodging
   216 | D        | Killed a tarantella
   217 | D        | Reached XP level 8. HP: 30/68 MP: 9/13
   217 | D        | Reached **** piety under Uskayaw
   218 | D        | Reached skill level 9 in Maces & Flails
   336 | D        | Entered arena 6.
   336 | D        | Found a transporter.
   427 | D        | Entered arena 7.
   428 | D        | Found a transporter.
   437 | D        | Reached XP level 9. HP: 64/75 MP: 8/14
   474 | D        | Entered arena 8.
   474 | D        | Noticed a royal mummy
   474 | D        | Noticed a death scarab
   474 | D        | Noticed a guardian mummy
   474 | D        | Noticed a death scarab
   478 | D        | Killed a death scarab
   479 | D        | Reached skill level 10 in Maces & Flails
   479 | D        | Reached skill level 10 in Shields
   479 | D        | Found a transporter.
   480 | D        | Killed a death scarab
   481 | D        | Reached skill level 11 in Maces & Flails
   482 | D        | Noticed an emperor scorpion
   482 | D        | Noticed an emperor scorpion
   482 | D        | Noticed an emperor scorpion
   482 | D        | Slain by a guardian mummy

Illustrated notes

Levels and vault maps discovered:
D:        sprint_v [room_start, room_1, room_2, room_3, room_4, room_5, room_6,
          room_7, room_8, room_9, room_10, room_11, room_12, room_13, room_14,
          room_15, room_16, room_17, room_18, room_19, room_20, room_21,
          room_22, room_23, room_24, room_25, room_26, room_27]

Skill      XL: |  1  2  3  4  5  6  7  8  9 |
---------------+----------------------------+-----
Dodging        | 1 2 3 4 5 6 7 |  7.1
Invocations    | 1 3 4 6 7 9 |  9.0
Evocations     | 1 3 4 5 6 7 8 |  8.2
Fighting       | 5 6 7 8 9 |  9.3
Maces & Flails | 4 5 6 7 8 9 11 | 11.1
Armour         | 5 6 7 8 9 |  9.3
Shields        | 6 8 9 10 | 10.7

Action                     |  1- 3 |  4- 6 |  7- 9 || total
---------------------------+-------+-------+-------++-------
  Melee: Maul              |     7 |     5 |    24 ||    36
 Invoke: Stomp             |       |       |     3 ||     3
  Evoke: Wand              |       |       |     1 ||     1
         Box of beasts     |       |       |     1 ||     1
    Use: Potion            |     1 |     1 |     3 ||     5
   Stab: Paralysed         |       |     1 |     2 ||     3
 Armour: Plate armour      |    22 |    10 |    81 ||   113
  Dodge: Dodged            |     1 |     1 |    16 ||    18
  Block: Kite shield       |    20 |    13 |    77 ||   110

Table legend: (Time is in decaauts)
 A = Elapsed time spent in this place.
 B = Non-inter-level travel time spent in this place.
 C = Inter-level travel time spent in this place.
 D = Time resting spent in this place.
 E = Time spent auto-exploring this place.
 F = Levels seen in this place.
 G = Mean time per level.
                   A        B        C        D        E       F      G
               +--------+--------+--------+--------+--------+-----+--------+
         Total |    556 |    556 |      0 |    247 |      0 |   1 |  556.0 |
       Dungeon |    556 |    556 |      0 |    247 |      0 |   1 |  556.0 |
               +--------+--------+--------+--------+--------+-----+--------+

Top non-repeatable levels by time:
       D: 556 daAuts
